 Dungeon Crawl Stone Soup version 0.27-a0-1202-ge72e49191c (webtiles) character file.

Game seed: 241388032611633941

119 openice22 the Ruffian (level 5, -1/46 HPs)
             Began as a Ghoul Monk on June 3, 2021.
             Slain by a gnoll
             ... wielding a +0 halberd
              (4 damage)
             ... on level 3 of the Dungeon.
             The game lasted 00:24:50 (2350 turns).

openice22 the Ruffian (Ghoul Monk)                  Turns: 2350, Time: 00:24:50

Health: -1/46      AC:  6    Str: 15    XL:     5   Next: 3%
Magic:  4/4        EV: 10    Int:  5    God:
Gold:   21         SH:  0    Dex: 12    Spells: 4/4 levels left

rFire    . . .     SeeInvis .   j - +0 quarterstaff
rCold    + . .     Faith    .   (shield currently unavailable)
rNeg     + + +     Spirit   .   e - +0 scale mail
rPois    ∞         Reflect  .   (no helmet)
rElec    .         Harm     .   (no cloak)
rCorr    .         Rampage  .   (no gloves)
Will     +....                  (no boots)
Stlth    +.........             (no amulet)
HPRegen  0.00/turn              t - ring of willpower
MPRegen  0.09/turn              (no ring)

@: very slightly contaminated, invisible
A: claws 1, cold resistance 1, negative energy resistance 3, inhibited
regeneration, torment resistance 2
a: no special abilities


You were on level 3 of the Dungeon.
You visited 1 branch of the dungeon, and saw 3 of its levels.

You collected 66 gold pieces.
You spent 45 gold pieces at shops.

Inventory:

Hand Weapons
 c - a +0 dagger
 f - a +0 club
 h - a +0 dagger
 j - a +0 quarterstaff (weapon)
 l - a +0 dagger
 n - a +0 spear
 o - a +0 short sword
Missiles
 b - 28 bolts
 i - 3 stones (quivered)
 q - 35 arrows
Armour
 a - a +0 robe
 e - a +0 scale mail (worn)
 m - a +0 cloak
 s - a +0 kite shield
Jewellery
 t - a ring of willpower (left claw)
Scrolls
 k - 2 scrolls of vulnerability
 r - a scroll of teleportation {unknown}
 v - a scroll of fear
 w - a scroll of magic mapping {unknown}
Potions
 u - a potion of heal wounds {unknown}


   Skills:
 + Level 4.0 Fighting
 + Level 1.2 Staves
 + Level 1.2 Armour
 + Level 3.3 Dodging
 + Level 2.5 Stealth
 + Level 4.1 Unarmed Combat


You had 4 spell levels left.
You didn't know any spells.
Your spell library was empty.

Dungeon Overview and Level Annotations

Branches:
Dungeon (3/15)

Altars:

Shops:
D:3 *[?

Annotations:
D:2 Explored


Innate Abilities, Weirdness & Mutations

You thrive by killing the living.
You are immune to poison.
You have sharp fingernails.
Your flesh is cold resistant. (rC+)
You are immune to negative energy. (rN+++)
You do not regenerate when monsters are visible.
You are immune to unholy pain and torment.


Message History

The gnoll is caught in the net!
You sock the gnoll!
The gnoll is heavily wounded.
The gnoll struggles against the net.
The gnoll hits you with a +0 flail!
* * * LOW HITPOINT WARNING * * *
The gnoll closely misses you.
The gnoll struggles against the net.
You closely miss the gnoll.
The gnoll is heavily wounded.
The gnoll closely misses you.
The gnoll struggles against the net.
You hit the gnoll.
The gnoll is severely wounded.
The gnoll struggles against the net.
The gnoll barely misses you. The worm barely misses you.
You hit the gnoll.
You kill the gnoll!
You feel better.
The gnoll struggles against the net.
The worm bites you but does no damage.
The gnoll struggles against the net.
The net rips apart, and the gnoll comes free!
Your Staves skill increases to level 1!
You have reached level 5!
You feel stronger.
You sock the worm!
The worm is severely wounded.
The gnoll misses you.
You catch the helpless worm completely off-guard!
You hit the worm but do no damage.
The worm is severely wounded.
The gnoll hits you from afar with a +0 halberd.
* * * LOW HITPOINT WARNING * * *
A hobgoblin comes into view.
The hobgoblin shouts!
There are monsters nearby!
The hobgoblin shouts!
You sock the worm!
You kill the worm!
You feel better. The gnoll closely misses you.
The gnoll hits you from afar with a +0 spear.
* * * LOW HITPOINT WARNING * * *
The gnoll hits you with a +0 halberd.
You die...

#<#......... ###
.###.######.8 .>.
.... ....... #.#
#.######.##8 # #.#
.#........ #.
#.####.##.#.....## #8
#.........#!.....# ##
#......###......#####
#@gg).............
#g.∩###......#####
#.####g..# ########
#..g.....# #.......##
#########


You could see 3 gnolls and a hobgoblin (wandering).

Vanquished Creatures
  Jessica (D:2)
  A gnoll (D:3)
  3 adders
  3 worms
  A dart slug (D:1)
  2 ball pythons
  8 bats
  4 endoplasms
  A giant cockroach (D:3)
  6 goblins
  4 hobgoblins
  2 jackals (D:1)
  A quokka (D:1)
  4 frilled lizards
  4 kobolds
  6 rats
51 creatures vanquished.

Notes
Turn   | Place    | Note
-------+----------+-------------------------------------------
     0 | D:1      | openice22 the Ghoul Monk began the quest for the Orb.
     0 | D:1      | Reached XP level 1. HP: 19/19 MP: 0/0
   152 | D:1      | Reached XP level 2. HP: 25/26 MP: 1/1
   587 | D:1      | Reached XP level 3. HP: 29/33 MP: 2/2
  1132 | D:2      | Noticed Jessica
  1142 | D:2      | Killed Jessica
  1143 | D:2      | Reached XP level 4. HP: 27/40 MP: 3/3
  1899 | D:2      | Reached skill level 1 in Armour
  2039 | D:3      | Found Wiemait's Antique Armour Emporium.
  2153 | D:3      | Found Zirith's Magic Scroll Shoppe.
  2186 | D:3      | Bought a scroll of fear for 45 gold pieces
  2326 | D:3      | Found Obled's General Store.
  2342 | D:3      | Reached skill level 1 in Staves
  2342 | D:3      | Reached XP level 5. HP: 10/46 MP: 4/4
  2350 | D:3      | Slain by a gnoll

Illustrated notes

Levels and vault maps discovered:
D:1:      dpeg_arrival_pits, layout_rooms
D:2:      layout_loops_ring, grunt_ministairs_5, uniq_jessica
D:3:      layout_basic, serial_shops, nicolae_shop_stone, shop,
          nicolae_shop_temple_entry_statues_fountains,
          hellmonk_ecumenical_altar_leap_of_faith, uniq_ijyb, uniq_natasha,
          uniq_sigmund

Skill      XL: |  1  2  3  4 |
---------------+-------------+-----
Dodging        | 3 |  3.3
Fighting       | 4 |  4.0
Unarmed Combat | 4 |  4.1
Armour         | 1 |  1.2
Staves         | 1 |  1.2
Stealth        | |  2.5

Action                   |  1- 3 |  4- 6 || total
-------------------------+-------+-------++-------
Melee: Unarmed           |    45 |       ||    45
       Dagger            |    17 |       ||    17
       Quarterstaff      |    25 |    79 ||   104
Throw: Stone             |       |     3 ||     3
  Use: Potion            |       |     2 ||     2
       Scroll            |       |     1 ||     1
 Stab: Invisible         |       |     1 ||     1
Armor: Robe              |     5 |       ||     5
       Scale mail        |    74 |    35 ||   109
Dodge: Dodged            |    93 |    40 ||   133

Table legend: (Time is in decaauts)
 A = Elapsed time spent in this place.
 B = Non-inter-level travel time spent in this place.
 C = Inter-level travel time spent in this place.
 D = Time resting spent in this place.
 E = Time spent auto-exploring this place.
 F = Levels seen in this place.
 G = Mean time per level.
                   A        B        C        D        E       F      G
               +--------+--------+--------+--------+--------+-----+--------+
         Total |   2388 |   2388 |      0 |    414 |   1120 |   3 |  796.0 |
       Dungeon |   2388 |   2388 |      0 |    414 |   1120 |   3 |  796.0 |
               +--------+--------+--------+--------+--------+-----+--------+

Top non-repeatable levels by time:
     D:2: 1061 daAuts
     D:1: 998 daAuts
     D:3: 327 daAuts
